IL
LOUISVILLE BATS @ RENO ACES
08/23/2047
 
TOP OF THE 1ST
Louisville Bats batting - Pitching for Reno Aces : RHP Chad Toms
Pitching: RHP Chad Toms
Batting: RHB Won-jun Park 0-0: Called Strike
0-1: Ball
1-1: Called Strike
1-2: Foul Ball, location: 2F
1-2: Strikes out swinging
Batting: LHB Satoru Handa 0-0: Ground out 4-3 (Groundball, 4, EV 106.2 MPH)
Batting: LHB Randy Racine 0-0: Ball
1-0: Fly out, F6 (Popup, 6, EV 70.6 MPH)
Top of the 1st over - 0 runs, 0 hits, 0 errors, 0 left on base; Louisville 0 - Reno 0
BOTTOM OF THE 1ST
Reno Aces batting - Pitching for Louisville Bats : RHP Roberto Cortez
Pitching: RHP Roberto Cortez
Batting: SHB Carlos Rodriguez 0-0: Ball
1-0: Ball
2-0: Called Strike
2-1: Swinging Strike
2-2: Foul Ball, location: 2F
2-2: Ball
3-2: Foul Ball, location: 2F
3-2: Base on Balls
Batting: RHB Xavier Castellanos 0-0: Called Strike
Carlos Rodriguez steals 2nd base (no throw)
0-1: Ball
1-1: Foul Ball, location: 2F
1-2: SINGLE (Groundball, 34D, EV 95.6 MPH)
Carlos Rodriguez to third
Runner from 3rd tries for Home, SAFE, throw by RF to home
Batting: LHB Bobby Arevalo 0-0: Ball
1-0: Ball
2-0: Foul Ball, location: 2F
2-1: Foul Ball, location: 2F
2-2: Strikes out swinging
Batting: RHB Ji-an Li 0-0: Called Strike
Xavier Castellanos steals 2nd base
0-1: Ball
1-1: Foul Ball, location: 2F
1-2: Ball
2-2: Ground out 6-3 (Groundball, 6M, EV 103.8 MPH)
Xavier Castellanos to third
Batting: LHB Ian Jarvis 0-0: Ball
1-0: Ball
2-0: Fly out, F7 (Flyball, 7LM, EV 73.8 MPH)
Bottom of the 1st over - 1 run, 1 hit, 0 errors, 1 left on base; Louisville 0 - Reno 1
TOP OF THE 2ND
Louisville Bats batting - Pitching for Reno Aces : RHP Chad Toms
Batting: RHB Juan Reyes 0-0: Ball
1-0: Foul Ball, location: 2F
1-1: Foul Ball, location: 2F
1-2: Foul Ball, location: 2F
1-2: Ball
2-2: Strikes out swinging
Batting: SHB Greg Prime 0-0: Ball
1-0: Ball
2-0: Ball
3-0: Foul Ball, location: 2F
3-1: Ground out 1-3 (Groundball, 13, EV 70.0 MPH)
Batting: RHB Chase Briney 0-0: Ball
1-0: Called Strike
1-1: SOLO HOME RUN (Flyball, 78XD, EV 116.9 MPH), Distance : 457 ft
Batting: RHB Colin Lord 0-0: Called Strike
0-1: Ball
1-1: Ball
2-1: Ball
3-1: Base on Balls
Batting: RHB Ryan Short 0-0: Fly out, F7 (Line Drive, 78M, EV 96.2 MPH)
Top of the 2nd over - 1 run, 1 hit, 0 errors, 1 left on base; Louisville 1 - Reno 1
BOTTOM OF THE 2ND
Reno Aces batting - Pitching for Louisville Bats : RHP Roberto Cortez
Batting: LHB Steve Reinhart 0-0: Ball
1-0: Ball
2-0: Foul Ball, location: 2F
2-1: Foul Ball, location: 2F
2-2: Ball
3-2: Ground out 6-3 (Groundball, 6, EV 81.2 MPH)
Batting: RHB Seth Tramontano 0-0: Swinging Strike
0-1: Swinging Strike
0-2: Ball
1-2: Foul Ball, location: 2F
1-2: Ball
2-2: Strikes out swinging
Batting: RHB Marlon Reda 0-0: Ball
1-0: Called Strike
1-1: Called Strike
1-2: SINGLE (Groundball, 34D, EV 95.6 MPH)
Batting: RHB Jose Sisneros 0-0: DOUBLE (Line Drive, 89XD, EV 103.8 MPH)
Marlon Reda to third
Batting: SHB Carlos Rodriguez 0-0: Ball
1-0: Called Strike
1-1: Called Strike
1-2: Strikes out swinging
Bottom of the 2nd over - 0 runs, 2 hits, 0 errors, 2 left on base; Louisville 1 - Reno 1
TOP OF THE 3RD
Louisville Bats batting - Pitching for Reno Aces : RHP Chad Toms
Batting: RHB Matt Silva 0-0: Called Strike
0-1: Ground out 6-3 (Groundball, P, EV 85.0 MPH)
Batting: RHB Won-jun Park 0-0: Ball
1-0: Swinging Strike
1-1: Foul Ball, location: 2F
1-2: Hit by Pitch
Batting: LHB Satoru Handa 0-0: Called Strike
0-1: Ball
1-1: DOUBLE (Flyball, 8LXD, EV 98.8 MPH)
Won-jun Park to third
Batting: LHB Randy Racine 0-0: Ball
1-0: Ball
2-0: Called Strike
2-1: Foul Ball, location: 2F
2-2: Foul Ball, location: 2F
2-2: Ball
3-2: Foul Ball, location: 2F
3-2: Foul Ball, location: 2F
3-2: Foul Ball, location: 2F
3-2: Foul Ball, location: 2F
3-2: Base on Balls
Batting: RHB Juan Reyes 0-0: Ball
1-0: Ball
2-0: Called Strike
2-1: Swinging Strike
2-2: SINGLE (Line Drive, 8LS, EV 90.6 MPH)
Won-jun Park scores
Satoru Handa to third
Randy Racine to second
Batting: SHB Greg Prime 0-0: Called Strike
0-1: Ball
1-1: Ball
2-1: DOUBLE (Line Drive, 7LS, EV 106.2 MPH)
Satoru Handa scores
Randy Racine scores
Juan Reyes to third
Runner from 3rd tries for Home, SAFE, throw by LF to home
Pitching: RHP Marco Rodriguez
Batting: RHB Chase Briney 0-0: Ball
1-0: Called Strike
1-1: Ball
2-1: Swinging Strike
2-2: Foul Ball, location: 2F
2-2: Ball
3-2: Foul Ball, location: 2F
3-2: Foul Ball, location: 2F
3-2: Fly out, F9 (Line Drive, 9, EV 93.8 MPH)
Batting: RHB Colin Lord 0-0: SINGLE (Groundball, 6MD, EV 103.8 MPH)
Greg Prime to third
Throwing error, E8
Greg Prime scores
Colin Lord to second
Batting: RHB Ryan Short 0-0: Foul Ball, location: 2F
0-1: Ball
1-1: Called Strike
1-2: Ground out 4-3 (Groundball, 34, EV 105.6 MPH)
Top of the 3rd over - 5 runs, 4 hits, 1 error, 1 left on base; Louisville 6 - Reno 1
BOTTOM OF THE 3RD
Reno Aces batting - Pitching for Louisville Bats : RHP Roberto Cortez
Batting: RHB Xavier Castellanos 0-0: Ball
1-0: Called Strike
1-1: Ground out 3-1 (Groundball, 34, EV 79.4 MPH)
Batting: LHB Bobby Arevalo 0-0: Ball
1-0: Ball
2-0: Ball
3-0: Base on Balls
Batting: RHB Ji-an Li 0-0: Ball
1-0: Called Strike
Bobby Arevalo steals 2nd base
1-1: Ball
2-1: Ground out 1-3 (Groundball, 13, EV 65.0 MPH)
Bobby Arevalo to third
Batting: LHB Ian Jarvis 0-0: Ball
1-0: Ball
2-0: Ground out 6-3 (Groundball, 6M, EV 104.4 MPH)
Bottom of the 3rd over - 0 runs, 0 hits, 0 errors, 1 left on base; Louisville 6 - Reno 1
TOP OF THE 4TH
Louisville Bats batting - Pitching for Reno Aces : RHP Marco Rodriguez
Batting: RHB Matt Silva 0-0: Called Strike
0-1: Foul Ball, location: 2F
0-2: Ball
1-2: Ball
2-2: Ball
3-2: SINGLE (Groundball, 6M, EV 108.1 MPH) (infield hit)
Batting: RHB Won-jun Park 0-0: Swinging Strike
0-1: Called Strike
0-2: Foul Ball, location: 2F
0-2: Ball
1-2: Ball
2-2: Foul Ball, location: 2F
2-2: Foul Ball, location: 2F
2-2: SINGLE (Groundball, 34D, EV 105.0 MPH)
Matt Silva to second
Runner from 2nd tries for 3rd, SAFE, throw by RF made to third
Batting: LHB Satoru Handa 0-0: Ball
1-0: Ball
2-0: Called Strike
2-1: Ball
3-1: Foul Ball, location: 2F
3-2: Foul Ball, location: 2F
3-2: Foul Ball, location: 2F
3-2: 3-RUN HOME RUN (Flyball, 78XD, EV 115.6 MPH), Distance : 426 ft
Batting: LHB Randy Racine 0-0: Ball
1-0: DOUBLE (Flyball, 8LXD, EV 93.1 MPH)
Batting: RHB Juan Reyes 0-0: Ball
1-0: Swinging Strike
1-1: Ball
2-1: Foul Ball, location: 2F
2-2: Foul Ball, location: 2F
2-2: Strikes out looking
Batting: SHB Greg Prime 0-0: Ball
1-0: Ball
2-0: Called Strike
2-1: Swinging Strike
2-2: Strikes out swinging
Batting: RHB Chase Briney 0-0: Ball
Wild Pitch!
Randy Racine to third
1-0: Ball
2-0: Called Strike
2-1: Ball
3-1: Called Strike
3-2: Ground out 6-3 (Groundball, 6, EV 78.1 MPH)
Top of the 4th over - 3 runs, 4 hits, 0 errors, 1 left on base; Louisville 9 - Reno 1
BOTTOM OF THE 4TH
Reno Aces batting - Pitching for Louisville Bats : RHP Roberto Cortez
Batting: LHB Steve Reinhart 0-0: Ball
1-0: Ground out 4-3 (Groundball, 4, EV 84.4 MPH)
Batting: RHB Seth Tramontano 0-0: Foul Ball, location: 2F
0-1: DOUBLE (Line Drive, 89M, EV 100.0 MPH)
Batting: RHB Marlon Reda 0-0: Ball
1-0: Called Strike
1-1: Ball
2-1: Ball
3-1: Base on Balls
Batting: RHB Jose Sisneros 0-0: Ball
1-0: Called Strike
1-1: Swinging Strike
1-2: Foul Ball, location: 2F
1-2: Strikes out swinging
Batting: SHB Carlos Rodriguez 0-0: Ball
1-0: Called Strike
1-1: Foul Ball, location: 2F
1-2: Ball
2-2: Ball
3-2: Fly out, F5 (Popup, 56S, EV 79.4 MPH)
Bottom of the 4th over - 0 runs, 1 hit, 0 errors, 2 left on base; Louisville 9 - Reno 1
TOP OF THE 5TH
Louisville Bats batting - Pitching for Reno Aces : RHP Marco Rodriguez
Batting: RHB Colin Lord 0-0: Ball
1-0: Foul Ball, location: 2F
1-1: Called Strike
1-2: Foul Ball, location: 2F
1-2: Foul Ball, location: 2F
1-2: Ground out 6-3 (Groundball, 56, EV 83.8 MPH)
Batting: RHB Ryan Short 0-0: Swinging Strike
0-1: Ball
1-1: Ball
2-1: Foul Ball, location: 2F
2-2: Strikes out swinging
Batting: RHB Matt Silva 0-0: Ground out 1-3 (Groundball, 15S, EV 70.0 MPH)
Top of the 5th over - 0 runs, 0 hits, 0 errors, 0 left on base; Louisville 9 - Reno 1
BOTTOM OF THE 5TH
Reno Aces batting - Pitching for Louisville Bats : RHP Roberto Cortez
Batting: RHB Xavier Castellanos 0-0: Ground out 4-3 (Groundball, 4M, EV 81.2 MPH)
Batting: LHB Bobby Arevalo 0-0: Ball
1-0: Swinging Strike
1-1: Swinging Strike
1-2: Strikes out looking
Batting: RHB Ji-an Li 0-0: Ball
1-0: Ball
2-0: Swinging Strike
2-1: Ball
3-1: Called Strike
3-2: Foul Ball, location: 2F
3-2: Base on Balls
Pitching: RHP Omar Vinson
Batting: LHB Ian Jarvis 0-0: Ball
1-0: Ball
Ji-an Li is caught stealing 2nd base 2-6
Bottom of the 5th over - 0 runs, 0 hits, 0 errors, 0 left on base; Louisville 9 - Reno 1
TOP OF THE 6TH
Louisville Bats batting - Pitching for Reno Aces : RHP Marco Rodriguez
Pitching: RHP Jai-guo Xia
Batting: RHB Won-jun Park 0-0: Called Strike
0-1: Swinging Strike
0-2: Foul Ball, location: 2F
0-2: Ground out 1-3 (Groundball, 13S, EV 65.6 MPH)
Batting: LHB Satoru Handa 0-0: Called Strike
0-1: Foul Ball, location: 2F
0-2: Hit by Pitch
Batting: LHB Randy Racine 0-0: Ball
Wild Pitch!
Satoru Handa to second
1-0: Ball
2-0: Ball
3-0: Called Strike
3-1: Foul Ball, location: 2F
3-2: Foul Ball, location: 2F
3-2: SINGLE (Groundball, 4M, EV 106.2 MPH) (infield hit)
Satoru Handa to third
Batting: RHB Juan Reyes 0-0: Ball
1-0: Ball
2-0: Ball
3-0: Called Strike
3-1: Swinging Strike
3-2: Base on Balls
Randy Racine to second
Batting: SHB Greg Prime 0-0: Called Strike
0-1: Ball
1-1: Ball
Wild Pitch!
Satoru Handa scores
Randy Racine to third
Juan Reyes to second
2-1: Called Strike
2-2: Strikes out swinging
Batting: RHB Chase Briney 0-0: Ball
1-0: Ball
2-0: Ball
3-0: Called Strike
3-1: Base on Balls
Batting: RHB Colin Lord 0-0: Ground out 4-3 (Groundball, 34, EV 92.5 MPH)
Top of the 6th over - 1 run, 1 hit, 0 errors, 3 left on base; Louisville 10 - Reno 1
BOTTOM OF THE 6TH
Reno Aces batting - Pitching for Louisville Bats : RHP Omar Vinson
Batting: LHB Ian Jarvis 0-0: Ball
1-0: Foul Ball, location: 2F
1-1: Swinging Strike
1-2: Foul Ball, location: 2F
1-2: Ground out 6-3 (Groundball, 6, EV 103.1 MPH)
Batting: LHB Steve Reinhart 0-0: Called Strike
0-1: Called Strike
0-2: Ball
1-2: Ground out 6-3 (Groundball, 6, EV 81.9 MPH)
Batting: RHB Seth Tramontano 0-0: Ball
1-0: Ball
2-0: Fly out, F7 (Flyball, 78M, EV 85.0 MPH)
Bottom of the 6th over - 0 runs, 0 hits, 0 errors, 0 left on base; Louisville 10 - Reno 1
TOP OF THE 7TH
Louisville Bats batting - Pitching for Reno Aces : RHP Jai-guo Xia
Batting: RHB Ryan Short 0-0: Called Strike
0-1: Foul Ball, location: 2F
0-2: Ground out 5-3 (Groundball, 56, EV 88.1 MPH)
Batting: RHB Matt Silva 0-0: Called Strike
0-1: Swinging Strike
0-2: DOUBLE (Line Drive, 7LM, EV 97.5 MPH)
Pinch Hitting: LHB Jake Bill 0-0: Ball
1-0: Foul Ball, location: 2F
1-1: Called Strike
1-2: Ball
2-2: Ball
3-2: Base on Balls
Pitching: LHP Afanasy Apatenko
Batting: LHB Satoru Handa 0-0: Called Strike
0-1: Foul Ball, location: 2F
0-2: Ball
1-2: SINGLE (Groundball, 4MD, EV 103.8 MPH)
Matt Silva to third
Jake Bill to second
Batting: LHB Randy Racine 0-0: SINGLE (Groundball, 6MD, EV 99.4 MPH)
Matt Silva scores
Jake Bill to third
Satoru Handa to second
Runner from 3rd tries for Home, SAFE, throw by CF to home
Batting: RHB Juan Reyes 0-0: Called Strike
0-1: Foul Ball, location: 2F
0-2: Strikes out looking
Batting: SHB Greg Prime 0-0: Called Strike
0-1: Foul Ball, location: 2F
0-2: Strikes out looking
Top of the 7th over - 2 runs, 3 hits, 0 errors, 2 left on base; Louisville 12 - Reno 1
BOTTOM OF THE 7TH
Reno Aces batting - Pitching for Louisville Bats : RHP Omar Vinson
Now at 1B: Dave Ruiz
Pinch Hitting: RHB Vinny Vasquez 0-0: Ball
1-0: Foul Ball, location: 2F
1-1: Foul Ball, location: 2F
1-2: Ball
2-2: Foul Ball, location: 2F
2-2: Ball
3-2: Ground out 6-3 (Groundball, 6, EV 91.2 MPH)
Batting: RHB Jose Sisneros 0-0: Ball
1-0: SINGLE (Groundball, 13S, EV 62.5 MPH) (infield hit)
Batting: SHB Carlos Rodriguez 0-0: Ball
1-0: Called Strike
1-1: Ball
2-1: Called Strike
2-2: Ball
3-2: Foul Ball, location: 2F
3-2: Grounds into double play, 4-6-3 (Groundball, 4, EV 84.4 MPH)
Bottom of the 7th over - 0 runs, 1 hit, 0 errors, 0 left on base; Louisville 12 - Reno 1
TOP OF THE 8TH
Louisville Bats batting - Pitching for Reno Aces : LHP Afanasy Apatenko
Now at 2B: Steve Reinhart
Now at 3B: Vinny Vasquez
Batting: RHB Chase Briney 0-0: Foul Ball, location: 2F
0-1: Ball
1-1: Swinging Strike
1-2: Ball
2-2: SINGLE (Groundball, 4D, EV 108.1 MPH)
Pinch Hitting: RHB Eric Sullivan 0-0: Ball
1-0: Ball
2-0: Called Strike
2-1: Swinging Strike
2-2: Strikes out swinging
Batting: RHB Ryan Short 0-0: Foul Ball, location: 2F
0-1: Called Strike
0-2: Strikes out swinging
Batting: RHB Matt Silva 0-0: Called Strike
0-1: Foul Ball, location: 2F
0-2: Fly out, F7 (Flyball, 78M, EV 88.1 MPH)
Top of the 8th over - 0 runs, 1 hit, 0 errors, 1 left on base; Louisville 12 - Reno 1
BOTTOM OF THE 8TH
Reno Aces batting - Pitching for Louisville Bats : RHP Omar Vinson
Now at 2B: Eric Sullivan
Pinch Hitting: LHB Brad York 0-0: Called Strike
0-1: Called Strike
0-2: Ball
1-2: Strikes out swinging
Pinch Hitting: SHB John Cummings 0-0: Ball
1-0: Foul Ball, location: 2F
1-1: Swinging Strike
1-2: Strikes out looking
Batting: RHB Ji-an Li 0-0: Foul Ball, location: 2F
0-1: Ball
1-1: SINGLE (Groundball, 6D, EV 102.5 MPH)
Batting: LHB Ian Jarvis 0-0: Ball
1-0: Fielders Choice at 2nd, 6-4 (Groundball, 6, EV 83.1 MPH)
Bottom of the 8th over - 0 runs, 1 hit, 0 errors, 1 left on base; Louisville 12 - Reno 1
TOP OF THE 9TH
Louisville Bats batting - Pitching for Reno Aces : LHP Afanasy Apatenko
Now at 1B: John Cummings
Now in LF: Brad York
Batting: RHB Dave Ruiz 0-0: Foul Ball, location: 2F
0-1: Ball
1-1: Foul Ball, location: 2F
1-2: Ground out 4-3 (Groundball, 4, EV 96.9 MPH)
Batting: LHB Satoru Handa 0-0: Ball
1-0: Ball
2-0: SINGLE (Groundball, 34D, EV 105.0 MPH)
Batting: LHB Randy Racine 0-0: Ball
1-0: Called Strike
1-1: Foul Ball, location: 2F
1-2: Foul Ball, location: 2F
1-2: Ball
2-2: Foul Ball, location: 2F
2-2: Ball
3-2: Hit by Pitch
Satoru Handa to second
Batting: RHB Juan Reyes 0-0: Ball
1-0: Swinging Strike
1-1: Foul Ball, location: 2F
1-2: Foul Ball, location: 2F
1-2: Strikes out swinging
Batting: SHB Greg Prime 0-0: Called Strike
0-1: Ball
1-1: Ball
2-1: Ball
3-1: Fielders Choice at 2nd, 5-4 (Groundball, 5, EV 85.6 MPH)
Top of the 9th over - 0 runs, 1 hit, 0 errors, 2 left on base; Louisville 12 - Reno 1
BOTTOM OF THE 9TH
Reno Aces batting - Pitching for Louisville Bats : RHP Omar Vinson
Batting: LHB Steve Reinhart 0-0: Foul Ball, location: 2F
0-1: Ball
1-1: Swinging Strike
1-2: Foul Ball, location: 2F
1-2: Foul Ball, location: 2F
1-2: SOLO HOME RUN (Flyball, 89XD, EV 102.5 MPH) (Inside the Park)
Pitching: RHP Dave Hammertime
Batting: RHB Seth Tramontano 0-0: Ball
1-0: Ball
2-0: Called Strike
2-1: Ball
3-1: Called Strike
3-2: SINGLE (Flyball, 89S, EV 95.0 MPH)
Batting: RHB Vinny Vasquez 0-0: Swinging Strike
0-1: Ball
1-1: SINGLE (Groundball, 34D, EV 99.4 MPH)
Seth Tramontano to second
Pinch Hitting: LHB Kyle Beaulieu 0-0: Ball
1-0: Foul Ball, location: 2F
1-1: Foul Ball, location: 2F
1-2: Strikes out swinging
Batting: SHB Carlos Rodriguez 0-0: Called Strike
0-1: Foul Ball, location: 2F
0-2: Strikes out swinging
Batting: LHB Brad York 0-0: Foul Ball, location: 2F
0-1: Swinging Strike
0-2: Strikes out swinging
Bottom of the 9th over - 1 run, 3 hits, 0 errors, 2 left on base; Louisville 12 - Reno 2
Thursday, December 15th , 2022 - OOTP Baseball 23.9 Build 102